 Dungeon Crawl Stone Soup version 0.21.1-1-g345015f (webtiles) character file.

613 Kagorn the Shield-Bearer (level 7, -5/60 HPs)
             Began as a Gnoll Fighter on June 12, 2018.
             Slain by an orc
             ... wielding a +1 dagger of electrocution
              (20 damage)
             ... on level 5 of the Dungeon.
             The game lasted 00:21:45 (3537 turns).

Kagorn the Shield-Bearer (Gnoll Fighter)            Turns: 3537, Time: 00:21:46

Health: -5/60      AC: 10    Str: 25    XL:     7   Next: 44%
Magic:  10/10      EV: 10    Int: 10    God:
Gold:   182        SH: 14    Dex: 15    Spells: 10/10 levels left

rFire    + . .     SeeInvis .   t - +0 flail (drain)
rCold    x . .     Gourm    .   c - +0 shield
rNeg     . . .     Faith    .   b - +0 scale mail
rPois    .         Spirit   .   g - +1 helmet
rElec    .         Reflect  +   (no cloak)
rCorr    .         Harm     .   (no gloves)
MR       .....                  (no boots)
Stlth    +.........             l - +3 amulet of reflection
HPRegen  0.20/turn              m - ring of fire
MPRegen  0.12/turn              (no ring)

@: mighty
A: distributed training, fangs 1, strong nose
a: no special abilities


You were on level 5 of the Dungeon.
You were not hungry.

You visited 1 branch of the dungeon, and saw 5 of its levels.
You also visited: Sewer.

You collected 182 gold pieces.

Inventory:

Hand Weapons
 a - a +0 war axe
 t - a +0 flail of draining (weapon)
 A - a +1 mace of protection
Armour
 b - a +0 scale mail (worn)
 c - a +0 shield (worn)
 g - a +1 helmet (worn)
 p - a +0 helmet
 C - the +3 leather armour of the Greedy {rPois Int+4, unknown}
   (You found it on level 5 of the Dungeon)

   It affects your intelligence (+4).
   It protects you from poison.
Jewellery
 l - a +3 amulet of reflection (around neck)
 m - a ring of fire (left hand)
 r - an uncursed amulet of regeneration {unknown}
 s - a cursed amulet of inaccuracy {unknown}
Scrolls
 f - 2 scrolls of teleportation {unknown}
 i - a scroll of amnesia {unknown}
 j - a scroll of fog {unknown}
 k - 3 scrolls of remove curse {unknown}
 u - 2 scrolls of identify {unknown}
 y - a scroll of magic mapping {unknown}
 B - 3 scrolls of noise {unknown}
Potions
 d - 2 potions of might
 e - a potion of invisibility {unknown}
 h - 4 potions of curing
 q - a potion of mutation {unknown}
 v - a potion of berserk rage {unknown}
 w - 4 potions of flight {unknown}
 x - a potion of heal wounds {unknown}
 z - a potion of lignification {unknown}
Books
 n - a book of Minor Magic

   Spells                             Type                      Level
   a - Magic Dart                     Conjuration                  1
   b - Blink                          Translocation                2
   c - Call Imp                       Summoning                    2
   d - Slow                           Hexes                        2
   e - Conjure Flame                  Conjuration/Fire             3
   f - Mephitic Cloud                 Conjuration/Poison/Air       3
Comestibles
 o - 2 rations


   Skills:
 + Level 7.0 Fighting
 + Level 2.4 Short Blades
 + Level 2.4 Long Blades
 + Level 5.2 Axes
 + Level 2.4 Maces & Flails
 + Level 2.4 Polearms
 + Level 2.4 Staves
 + Level 2.4 Slings
 + Level 2.4 Bows
 + Level 2.4 Crossbows
 + Level 2.4 Throwing
 + Level 7.0 Armour
 + Level 2.4 Dodging
 + Level 2.4 Stealth
 + Level 7.0 Shields
 + Level 2.4 Unarmed Combat
 + Level 2.4 Spellcasting
 + Level 2.0 Conjurations
 + Level 2.0 Hexes
 + Level 2.0 Charms
 + Level 2.0 Summonings
 + Level 2.0 Necromancy
 + Level 2.0 Translocations
 + Level 2.0 Transmutations
 + Level 2.0 Fire Magic
 + Level 2.0 Ice Magic
 + Level 2.0 Air Magic
 + Level 2.0 Earth Magic
 + Level 2.0 Poison Magic
 + Level 2.7 Invocations
 + Level 2.4 Evocations


You had 10 spell levels left.
You didn't know any spells.

Dungeon Overview and Level Annotations

Branches:
Dungeon (5/15)
 Temple: D:4-7

Altars:
Fedhas


Innate Abilities, Weirdness & Mutations

Your experience applies equally to all skills.
You have very sharp teeth.
Your uncanny sense of smell can sniff out nearby items.


Message History

Okay, then.
You feel better. You block the orc's attack. You block the orc priest's attack.
You feel very mighty all of a sudden. You block the orc priest's attack.
You barely miss the orc priest. You block the orc priest's attack.
The orc wizard casts a spell at you. The puff of flame hits you!
You sock the orc priest!
You kill the orc priest!
The orc wizard points at you and mumbles some strange words.
The magic dart hits you!
* * * LOW HITPOINT WARNING * * *
You block the orc's attack.
You feel better. The orc closely misses you. You block the orc wizard's attack.
The orc wizard mumbles some strange words.
The orc wizard flickers and vanishes!
Deactivating autopickup; reactivate with Ctrl-A.
You closely miss the orc wizard. Your bite misses the orc wizard.
The orc hits you but does no damage.
You are electrocuted!
You die...

##.## #.# ∆ #.# ##+##
###### ##...## #
.....###.....## .#
.#.#.##.......## #.##
...#.#.).......####...##
.....'..†).....'@o{o...#
..##.#...).....##o#...##
.....##.......###.##..#
########.....## #.# ..#
##...## #.# o# ##+## #.#
.# #.. # ∆ ###


You could see an orc wizard and 2 orcs.

Vanquished Creatures
  A big kobold (Sewer)
  A howler monkey (D:4)
  2 orc priests (D:5)
  A hound (D:5)
  2 iguanas
  An orc wizard (D:3)
  2 worker ants
  8 gnolls
  3 river rats (Sewer)
  10 adders
  A shadow imp (D:5)
  2 worms
  2 dart slugs
  6 leopard geckos
  13 orcs
  A ball python (D:1)
  6 bats
  6 giant cockroaches
  3 goblins
  9 hobgoblins
  5 jackals
  A quokka (D:2)
  6 frilled lizards
  7 kobolds
  11 rats
110 creatures vanquished.

Notes
Turn   | Place    | Note
-------+----------+-------------------------------------------
     0 | D:1      | Kagorn the Gnoll Fighter began the quest for the Orb.
     0 | D:1      | Reached XP level 1. HP: 23/23 MP: 1/1
   116 | D:1      | Reached XP level 2. HP: 29/29 MP: 2/2
   309 | D:1      | Reached XP level 3. HP: 35/35 MP: 3/3
   774 | D:2      | Reached skill level 1 in Invocations
   792 | D:2      | Reached skill level 1 in Short Blades
   792 | D:2      | Reached skill level 1 in Long Blades
   792 | D:2      | Reached skill level 1 in Maces & Flails
   792 | D:2      | Reached skill level 1 in Polearms
   792 | D:2      | Reached skill level 1 in Staves
   792 | D:2      | Reached skill level 1 in Slings
   792 | D:2      | Reached skill level 1 in Bows
   792 | D:2      | Reached skill level 1 in Crossbows
   792 | D:2      | Reached skill level 1 in Throwing
   792 | D:2      | Reached skill level 1 in Dodging
   792 | D:2      | Reached skill level 1 in Stealth
   792 | D:2      | Reached skill level 1 in Unarmed Combat
   792 | D:2      | Reached skill level 1 in Spellcasting
   792 | D:2      | Reached skill level 1 in Evocations
   819 | D:2      | Reached XP level 4. HP: 41/41 MP: 5/5
  1570 | D:3      | Reached skill level 1 in Conjurations
  1570 | D:3      | Reached skill level 1 in Hexes
  1570 | D:3      | Reached skill level 1 in Charms
  1570 | D:3      | Reached skill level 1 in Summonings
  1570 | D:3      | Reached skill level 1 in Necromancy
  1570 | D:3      | Reached skill level 1 in Translocations
  1570 | D:3      | Reached skill level 1 in Transmutations
  1570 | D:3      | Reached skill level 1 in Fire Magic
  1570 | D:3      | Reached skill level 1 in Ice Magic
  1570 | D:3      | Reached skill level 1 in Air Magic
  1570 | D:3      | Reached skill level 1 in Earth Magic
  1570 | D:3      | Reached skill level 1 in Poison Magic
  1708 | D:3      | Reached XP level 5. HP: 37/47 MP: 5/7
  2100 | D:3      | Found a blossoming altar of Fedhas.
  2211 | D:3      | Found a glowing drain.
  2231 | D:3      | Reached XP level 6. HP: 53/53 MP: 8/8
  2259 | Sewer    | Entered a sewer
  2338 | Sewer    | Reached skill level 5 in Axes
  2355 | Sewer    | Found a white marble altar of Elyvilon.
  2715 | D:4      | Reached XP level 7. HP: 54/59 MP: 10/10
  3193 | D:5      | Entered Level 5 of the Dungeon
  3431 | D:5      | Got a crude leather armour
  3537 | D:5      | Slain by an orc

Skill      XL: |  1  2  3  4  5  6  7 |
---------------+----------------------+-----
Invocations    | 1 2 |  2.7
Short Blades   | 1 2 |  2.4
Long Blades    | 1 2 |  2.4
Maces & Flails | 1 2 |  2.4
Polearms       | 1 2 |  2.4
Staves         | 1 2 |  2.4
Slings         | 1 2 |  2.4
Bows           | 1 2 |  2.4
Crossbows      | 1 2 |  2.4
Throwing       | 1 2 |  2.4
Dodging        | 1 2 |  2.4
Stealth        | 1 2 |  2.4
Unarmed Combat | 1 2 |  2.4
Spellcasting   | 1 2 |  2.4
Evocations     | 1 2 |  2.4
Conjurations   | 1 2 |  2.0
Hexes          | 1 2 |  2.0
Charms         | 1 2 |  2.0
Summonings     | 1 2 |  2.0
Necromancy     | 1 2 |  2.0
Translocations | 1 2 |  2.0
Transmutations | 1 2 |  2.0
Fire Magic     | 1 2 |  2.0
Ice Magic      | 1 2 |  2.0
Air Magic      | 1 2 |  2.0
Earth Magic    | 1 2 |  2.0
Poison Magic   | 1 2 |  2.0
Axes           | 5 |  5.2
Fighting       | 7 |  7.0
Armour         | 7 |  7.0
Shields        | 7 |  7.0

Action                   |  1- 3 |  4- 6 |  7- 9 || total
-------------------------+-------+-------+-------++-------
Melee: War axe           |    88 |    88 |       ||   176
       Bite              |     6 |    29 |    13 ||    48
       Flail             |       |   105 |    90 ||   195
  Use: Potion            |       |     1 |     3 ||     4
  Eat: Ration            |       |     2 |     1 ||     3
Armor: Scale mail        |    28 |    73 |    32 ||   133
Dodge: Dodged            |    24 |    70 |    38 ||   132
Block: Shield            |    40 |   157 |    90 ||   287
       Reflection        |       |     4 |       ||     4
